 Dungeon Crawl Stone Soup version 0.30-a0-174-gbc10bd73c2 (webtiles) character file.

Game seed: 14811548189010152794

3196 qw the Cleaver (level 9, -2/57 HPs)
             Began as a Gargoyle Fighter on Oct 1, 2022.
             Slain by Psyche
             ... wielding a +2 dagger of chaos
              (9 damage)
             ... on level 8 of the Dungeon.
             The game lasted 00:02:43 (7391 turns).

qw the Cleaver (Gargoyle Fighter)                   Turns: 7391, Time: 00:02:43

Health: -2/57      AC:  0    Str: 25    XL:     9   Next: 96%
Magic:  9/9        EV: 19    Int:  8    God:
Gold:   218        SH:  0    Dex: 14    Spells: 8/8 levels left

rFire   . . .      SeeInvis .    (weapon currently unavailable)
rCold   . . .      Faith    .    (shield currently unavailable)
rNeg    + . .      Spirit   .    (body armour currently unavailable)
rPois   inf        Reflect  .    (helmet currently unavailable)
rElec   .          Harm     .    (cloak currently unavailable)
rCorr   .          Rampage  .    (gloves currently unavailable)
Will    .....                    (boots currently unavailable)
Stlth   +.........               (no amulet)
HPRegen 0.29/turn                (ring currently unavailable)
MPRegen 0.11/turn                (ring currently unavailable)

@: bat-form, flying, very quick
A: fast, flying, no casting, sickness immunity, AC +6, tiny, negative energy
resistance 1, (electricity resistance), torment resistance 1, petrification
resistance
a: no special abilities


You were on level 8 of the Dungeon.
You were a bat.
You visited 2 branches of the dungeon, and saw 9 of its levels.

You collected 489 gold pieces.
You spent 271 gold pieces at shops.


Innate Abilities, Weirdness & Mutations

You are a bat.
You are tiny and dextrous.
You move quickly.
You are flying.
Your equipment is almost entirely melded.
You are incapable of wielding weapons or throwing items.
You cannot cast spells.
You are immune to sickness and miasma.
((Your stone body is resilient. (AC +6)))
You are immune to poison.
You resist negative energy. (rN+)
((You are resistant to electric shocks. (rElec)))
You are resistant to unholy torment.
You are immune to petrification.


   Skills:
 - Level 7.2 Fighting
 - Level 10.0 Axes
 + Level 5.9 Armour
 - Level 2.3 Dodging
 - Level 4.5 Shields


You had 8 spell levels left.
You didn't know any spells.
Your spell library was empty.

Inventory:

Hand Weapons
 e - a +1 morningstar of flaming
 Y - a +0 war axe (melded)
Armour
 c - a +0 buckler (melded)
 g - a +1 chain mail of fire resistance
 h - a +0 pair of boots (melded)
 i - a +0 cloak (melded)
 q - a +0 plate armour (melded)
 r - a +0 pair of gloves (melded)
Jewellery
 k - a +6 ring of dexterity (melded)
 m - a ring of resist corrosion (melded)
 p - a ring of fire
Scrolls
 n - 2 scrolls of identify
 o - a scroll of teleportation
Potions
 b - a potion of haste
 d - a potion of might
 f - a potion of attraction
 j - a potion of mutation
 l - a potion of heal wounds
 t - a potion of lignification
 u - 2 potions of resistance

Dungeon Overview and Level Annotations

Branches:
Dungeon (8/15)             Temple (1/1) D:4
   Lair: D:8-11

Altars:
Ashenzari
Cheibriados
Dithmenos
Elyvilon
Fedhas
Gozag
Hepliaklqana
Makhleb
Qazlal
Sif Muna
Trog
Uskayaw
Vehumet
Wu Jian
Xom
Yredelemnul
Zin
The Shining One

Shops:
D:1 ?   D:5 [

Annotations:
D:5 1 runed translucent door, Crazy Yiuf
D:8 Psyche


Message History

A swirling arc of seething chaos appears!
An arc of chaos appears from out of thin air!
The arc of chaos hits you!
Something tries to affect you, but you resist.
You hear some strange, mumbled words.
A swirling arc of seething chaos appears!
An arc of chaos appears from out of thin air!
The arc of chaos hits you but does no damage.
You miss something. Something hits you. Something freezes you.
You barely miss something. Something hits you but does no damage.
You miss something.
You hear some strange, mumbled words.
You turn into a bat.
Your +0 war axe melds into your body.
Your +0 cloak melds into your body.
Your +0 pair of gloves melds into your body.
Your +0 pair of boots melds into your body.
Your +0 buckler melds into your body.
Your +0 plate armour melds into your body.
Your ring of resist corrosion melds into your body.
Your +6 ring of dexterity melds into your body.
You feel clumsy.
You hear some strange, mumbled words.
A swirling arc of seething chaos appears!
An arc of chaos appears from out of thin air!
The arc of chaos hits you.
You hit something. Something hits you. Something freezes you.
You hit something.
You hear some strange, mumbled words.
A swirling arc of seething chaos appears!
An arc of chaos appears from out of thin air!
The arc of chaos hits you but does no damage.
You resist.
The arc of chaos grounds out.
You hit something. Something hits you! Something freezes you.
You closely miss something. Something hits you!
You die...

### .#
#...#######..##
#.....{)......#
......)b.#
.#.#####.# #<#
#.# #.# #.# #.#
#.# ...


There were no monsters in sight!

Vanquished Creatures
  Pikel (D:7)
  Maggie (D:6)
  Prince Ribbit (D:6)
  A shadow (D:7)
  Eustachio (D:5)
  Menkaure (D:4)
  Duvessa (D:7)
  2 water moccasins
  3 ice beasts (D:5)
  A sky beast (D:6)
  2 black bears
  2 orc warriors
  A phantom (D:5)
  2 lemures
  Blork the orc (D:6)
  A necrophage (D:5)
  Dowan (D:7)
  A howler monkey (D:7)
  5 hounds
  2 iguanas
  Terence (D:2)
  3 orc wizards (D:7)
  Natasha (D:4)
  11 adders
  A gnoll (D:1)
  A shadow imp (D:4)
  A white imp (D:6)
  2 ufetubi (D:7)
  A worm (D:2)
  4 dart slugs
  4 orcs
  4 bats
  5 endoplasms
  3 giant cockroaches
  3 goblins
  4 hobgoblins
  2 jackals (D:2)
  4 quokkas
  7 ball pythons
  3 frilled lizards
  5 kobolds
  2 rats
103 creatures vanquished.

Vanquished Creatures (others)
  An orc wizard (D:8)
  An orc (D:8)
  2 plants (D:3)
4 creatures vanquished.

Grand Total: 107 creatures vanquished

Notes
Turn   | Place    | Note
-------+----------+-------------------------------------------
     0 | D:1      | qw the Gargoyle Fighter began the quest for the Orb.
     0 | D:1      | Reached XP level 1. HP: 14/14 MP: 1/1
     0 | D:1      | 0 ||| qw: Version: 0.2-a-13-gfc7b4b4
     0 | D:1      | 0 ||| qw: Game counter: 1869
     0 | D:1      | 0 ||| qw: Always use a shield: true
     0 | D:1      | 0 ||| qw: God list: Okawaru
     0 | D:1      | 0 ||| qw: Allow faded altars: false
     0 | D:1      | 0 ||| qw: Do Orc after D:15 true
     0 | D:1      | 0 ||| qw: Do second Lair branch before Depths: true
     0 | D:1      | 0 ||| qw: Lair rune preference: random
     0 | D:1      | 0 ||| qw: Plans: Normal, Zot:1-4, God:TSO, Crypt, Tomb,
                  | Pan, Slime:5, Hells, Abyss, Orb
     0 | D:1      | 0 ||| PLANNING D:1-11
    57 | D:1      | Reached skill level 2 in Axes
    87 | D:1      | Reached XP level 2. HP: 19/19 MP: 2/2
   130 | D:1      | Found a faded altar of an unknown god.
   474 | D:1      | Reached skill level 3 in Axes
   520 | D:1      | 520 ||| DROPPING +0 club.
   597 | D:1      | Reached XP level 3. HP: 23/23 MP: 3/3
   646 | D:1      | 646 ||| Stepping ~*~*~tactically~*~*~ (hiding).
   802 | D:1      | Found Myinlu's Magic Scroll Emporium.
   810 | D:1      | 810 ||| SHOPLISTING scroll of acquirement (520 gold, have
                  | 82).
   810 | D:1      | 810 ||| SHOPLISTING scroll of brand weapon (95 gold, have
                  | 82).
   810 | D:1      | 810 ||| BUYING scroll of identify (20 gold).
   810 | D:1      | Bought a scroll of identify for 20 gold pieces
   810 | D:1      | 810 ||| BUYING scroll of identify (20 gold).
   810 | D:1      | Bought a scroll of identify for 20 gold pieces
  1228 | D:1      | 1228 ||| DROPPING orb of energy.
  1229 | D:1      | 1229 ||| UPGRADING to +0 pair of boots.
  1234 | D:1      | 1234 ||| UPGRADING to +0 cloak.
  1239 | D:1      | 1239 ||| UPGRADING to ring of resist corrosion.
  1240 | D:1      | 1240 ||| READING 2 scrolls of identify.
  1240 | D:1      | 1240 ||| IDENTIFYING fuming orange potion
  1548 | D:2      | Reached XP level 4. HP: 28/28 MP: 4/4
  1565 | D:2      | Reached skill level 4 in Axes
  1573 | D:2      | Noticed Terence
  1586 | D:2      | Killed Terence
  1609 | D:2      | 1609 ||| FLEEEEING.
  1610 | D:2      | 1610 ||| FLEEEEING.
  1611 | D:2      | 1611 ||| FLEEEEING.
  1612 | D:2      | 1612 ||| FLEEEEING.
  1616 | D:2      | 1616 ||| FLEEEEING.
  1617 | D:2      | 1617 ||| FLEEEEING.
  1621 | D:2      | 1621 ||| FLEEEEING.
  1622 | D:2      | 1622 ||| FLEEEEING.
  1623 | D:2      | 1623 ||| FLEEEEING.
  1624 | D:2      | 1624 ||| FLEEEEING.
  1625 | D:2      | 1625 ||| FLEEEEING.
  1674 | D:2      | 1674 ||| Stepping ~*~*~tactically~*~*~ (hiding).
  1834 | D:2      | 1834 ||| Stepping ~*~*~tactically~*~*~ (stealth).
  1858 | D:2      | 1858 ||| Stepping ~*~*~tactically~*~*~ (stealth).
  2054 | D:2      | 2054 ||| UPGRADING to +0 chain mail.
  2064 | D:2      | 2064 ||| DROPPING +0 scale mail.
  2065 | D:2      | 2065 ||| DROPPING ring of wizardry.
  2066 | D:2      | 2066 ||| READING scroll labelled TEYLLA HIRULLY.
  2070 | D:2      | 2070 ||| READING 3 scrolls labelled RIMYAH CUETU.
  2071 | D:2      | 2071 ||| READING scroll labelled BUSHRI SYALUM.
  2072 | D:2      | 2072 ||| DRINKING 2 murky ruby potions.
  2073 | D:2      | 2073 ||| READING 2 scrolls of identify.
  2073 | D:2      | 2073 ||| IDENTIFYING sapphire potion
  2074 | D:2      | 2074 ||| DROPPING 2 scrolls of noise.
  2149 | D:3      | Found a snail-covered altar of Cheibriados.
  2348 | D:3      | Found an opulent altar of Gozag.
  2377 | D:3      | Reached XP level 5. HP: 32/32 MP: 5/5
  2392 | D:3      | Found a glowing silver altar of Zin.
  2612 | D:3      | Found a burning altar of Makhleb.
  2718 | D:3      | 2718 ||| READING scroll labelled WAEMAUS CYBATZ.
  2719 | D:3      | 2719 ||| DRINKING 3 fizzy white potions.
  2837 | D:4      | Reached skill level 5 in Axes
  2871 | D:4      | Noticed a black bear
  2890 | D:4      | Killed a black bear
  2891 | D:4      | Reached XP level 6. HP: 26/39 MP: 6/6
  3034 | D:4      | Noticed Menkaure
  3038 | D:4      | Killed Menkaure
  3087 | D:4      | 3087 ||| FLEEEEING.
  3216 | D:4      | Noticed Natasha
  3218 | D:4      | 3218 ||| FLEEEEING.
  3219 | D:4      | 3219 ||| FLEEEEING.
  3220 | D:4      | 3220 ||| FLEEEEING.
  3221 | D:4      | 3221 ||| FLEEEEING.
  3222 | D:4      | 3222 ||| FLEEEEING.
  3223 | D:4      | 3223 ||| FLEEEEING.
  3224 | D:4      | 3224 ||| FLEEEEING.
  3225 | D:4      | 3225 ||| FLEEEEING.
  3226 | D:4      | 3226 ||| FLEEEEING.
  3227 | D:4      | 3227 ||| FLEEEEING.
  3228 | D:4      | 3228 ||| FLEEEEING.
  3229 | D:4      | 3229 ||| FLEEEEING.
  3230 | D:4      | 3230 ||| FLEEEEING.
  3234 | D:4      | 3234 ||| FLEEEEING.
  3238 | D:4      | 3238 ||| Stepping ~*~*~tactically~*~*~ (hiding).
  3243 | D:4      | Killed Natasha
  3244 | D:4      | Reached skill level 6 in Axes
  3244 | D:4      | Reached XP level 7. HP: 33/44 MP: 7/7
  3411 | D:4      | Found a staircase to the Ecumenical Temple.
  3412 | D:4      | 3412 ||| PLANNING TEMPLE
  3412 | D:4      | 3412 ||| READING scroll labelled QUYCZO IPNIEGA.
  3413 | D:4      | 3413 ||| READING scroll labelled RIM UQIERU UTURGH.
  3422 | Temple   | Entered the Ecumenical Temple
  3519 | Temple   | 3519 ||| PLANNING D:1-11
  3594 | D:5      | Entered Level 5 of the Dungeon
  3645 | D:5      | Noticed Eustachio
  3694 | D:5      | Killed Eustachio
  3949 | D:5      | Reached skill level 7 in Axes
  3959 | D:5      | Reached XP level 8. HP: 49/49 MP: 8/8
  3972 | D:5      | Found Neffew's Armour Boutique.
  3993 | D:5      | 3993 ||| SHOPLISTING +0 plate armour (322 gold, have 237).
  3993 | D:5      | 3993 ||| BUYING +1 chain mail of fire resistance (231
                  | gold).
  3993 | D:5      | Bought a +1 chain mail of fire resistance for 231 gold
                  | pieces
  3993 | D:5      | 3993 ||| SHOPLISTING +2 plate armour of cold resistance
                  | (560 gold, have 6).
  3993 | D:5      | 3993 ||| SHOPLISTING +3 scale mail of Ocelof {Regen+} (364
                  | gold, have 6).
  4052 | D:5      | 4052 ||| Stepping ~*~*~tactically~*~*~ (stealth).
  4053 | D:5      | 4053 ||| Stepping ~*~*~tactically~*~*~ (stealth).
  4339 | D:5      | Found a runed translucent door.
  4340 | D:5      | Noticed Crazy Yiuf
  4504 | D:5      | 4504 ||| UPGRADING to +1 chain mail of fire resistance.
  4514 | D:5      | 4514 ||| DROPPING +0 chain mail.
  4515 | D:5      | 4515 ||| READING scroll labelled VEJ YNLA BYKK.
  4516 | D:5      | 4516 ||| READING scroll labelled AGUKKY KATI DIFU.
  4617 | D:5      | 4617 ||| DRINKING 2 viscous yellow potions.
  4618 | D:5      | 4618 ||| READING 3 scrolls of identify.
  4618 | D:5      | 4618 ||| IDENTIFYING fizzy blue potion
  4619 | D:5      | 4619 ||| READING 2 scrolls of identify.
  4619 | D:5      | 4619 ||| IDENTIFYING bubbling coppery potion
  4620 | D:5      | 4620 ||| DROPPING potion of berserk rage.
  4846 | D:6      | Noticed Blork the orc
  4855 | D:6      | Killed Blork the orc
  4856 | D:6      | Reached skill level 8 in Axes
  4919 | D:6      | Noticed Prince Ribbit
  4920 | D:6      | 4920 ||| Stepping ~*~*~tactically~*~*~ (stealth).
  4946 | D:6      | HP: 10/49 [Prince Ribbit (12)]
  4947 | D:6      | 4947 ||| DRINKING 2 potions of heal wounds.
  4949 | D:6      | 4949 ||| DRINKING potion of heal wounds.
  4955 | D:6      | 4955 ||| FLEEEEING.
  4956 | D:6      | HP: 9/49 [Prince Ribbit (14)]
  4959 | D:6      | HP: 3/49 [Prince Ribbit (7)]
  4961 | D:6      | 4961 ||| FLEEEEING.
  4962 | D:6      | 4962 ||| FLEEEEING.
  4963 | D:6      | 4963 ||| STAIRDANCE
  5215 | D:5      | 5215 ||| DRINKING 2 glowing ruby potions.
  5216 | D:5      | 5216 ||| DRINKING 2 coppery potions.
  5232 | D:5      | 5232 ||| DROPPING potion of magic.
  5417 | D:6      | Reached skill level 6 in Fighting
  5460 | D:6      | Noticed Maggie
  5461 | D:6      | 5461 ||| Stepping ~*~*~tactically~*~*~ (hiding).
  5476 | D:6      | HP: 12/51 [Maggie/bolt of fire (5)]
  5478 | D:6      | Killed Maggie
  5479 | D:6      | Reached skill level 9 in Axes
  5479 | D:6      | Reached XP level 9. HP: 11/55 MP: 9/9
  5633 | D:6      | 5633 ||| DROPPING +0 flail.
  5737 | D:6      | Found a shadowy altar of Dithmenos.
  5814 | D:6      | Found a stormy altar of Qazlal.
  5974 | D:6      | 5974 ||| READING 2 scrolls of identify.
  5974 | D:6      | 5974 ||| IDENTIFYING blue potion
  5975 | D:6      | 5975 ||| DROPPING potion of flight.
  6218 | D:7      | Noticed Duvessa
  6218 | D:7      | Noticed Dowan
  6219 | D:7      | 6219 ||| Stepping ~*~*~tactically~*~*~ (hiding).
  6220 | D:7      | 6220 ||| Stepping ~*~*~tactically~*~*~ (hiding).
  6221 | D:7      | 6221 ||| Stepping ~*~*~tactically~*~*~ (stealth).
  6234 | D:7      | 6234 ||| Stepping ~*~*~tactically~*~*~ (hiding).
  6235 | D:7      | 6235 ||| Stepping ~*~*~tactically~*~*~ (hiding).
  6239 | D:7      | Killed Duvessa
  6240 | D:7      | 6240 ||| FLEEEEING.
  6242 | D:7      | Killed Dowan
  6243 | D:7      | 6243 ||| FLEEEEING.
  6244 | D:7      | 6244 ||| FLEEEEING.
  6246 | D:7      | 6246 ||| FLEEEEING.
  6247 | D:7      | 6247 ||| FLEEEEING.
  6248 | D:7      | 6248 ||| FLEEEEING.
  6249 | D:7      | 6249 ||| FLEEEEING.
  6250 | D:7      | 6250 ||| FLEEEEING.
  6251 | D:7      | 6251 ||| FLEEEEING.
  6252 | D:7      | 6252 ||| FLEEEEING.
  6253 | D:7      | 6253 ||| FLEEEEING.
  6254 | D:7      | 6254 ||| FLEEEEING.
  6255 | D:7      | 6255 ||| FLEEEEING.
  6256 | D:7      | 6256 ||| FLEEEEING.
  6259 | D:7      | 6259 ||| FLEEEEING.
  6260 | D:7      | 6260 ||| FLEEEEING.
  6261 | D:7      | 6261 ||| FLEEEEING.
  6262 | D:7      | 6262 ||| FLEEEEING.
  6263 | D:7      | 6263 ||| FLEEEEING.
  6264 | D:7      | 6264 ||| FLEEEEING.
  6265 | D:7      | 6265 ||| FLEEEEING.
  6266 | D:7      | 6266 ||| FLEEEEING.
  6267 | D:7      | 6267 ||| FLEEEEING.
  6268 | D:7      | 6268 ||| FLEEEEING.
  6269 | D:7      | 6269 ||| FLEEEEING.
  6270 | D:7      | 6270 ||| FLEEEEING.
  6271 | D:7      | 6271 ||| FLEEEEING.
  6272 | D:7      | 6272 ||| FLEEEEING.
  6273 | D:7      | 6273 ||| FLEEEEING.
  6274 | D:7      | 6274 ||| FLEEEEING.
  6275 | D:7      | 6275 ||| FLEEEEING.
  6276 | D:7      | 6276 ||| FLEEEEING.
  6277 | D:7      | 6277 ||| FLEEEEING.
  6278 | D:7      | 6278 ||| FLEEEEING.
  6279 | D:7      | 6279 ||| FLEEEEING.
  6280 | D:7      | 6280 ||| FLEEEEING.
  6281 | D:7      | 6281 ||| FLEEEEING.
  6282 | D:7      | 6282 ||| FLEEEEING.
  6283 | D:7      | 6283 ||| FLEEEEING.
  6284 | D:7      | 6284 ||| FLEEEEING.
  6285 | D:7      | 6285 ||| FLEEEEING.
  6288 | D:7      | 6288 ||| FLEEEEING.
  6289 | D:7      | 6289 ||| FLEEEEING.
  6290 | D:7      | 6290 ||| FLEEEEING.
  6291 | D:7      | 6291 ||| FLEEEEING.
  6292 | D:7      | 6292 ||| FLEEEEING.
  6293 | D:7      | 6293 ||| STAIRDANCE
  6333 | D:6      | 6333 ||| Stepping ~*~*~tactically~*~*~ (stealth).
  6365 | D:6      | Killed Prince Ribbit
  6480 | D:7      | 6480 ||| STAIRDANCE
  6759 | D:7      | Noticed Pikel
  6773 | D:7      | 6773 ||| Stepping ~*~*~tactically~*~*~ (stealth).
  6775 | D:7      | Killed Pikel
  6809 | D:7      | 6809 ||| FLEEEEING.
  6810 | D:7      | 6810 ||| FLEEEEING.
  6811 | D:7      | 6811 ||| FLEEEEING.
  6812 | D:7      | 6812 ||| FLEEEEING.
  6813 | D:7      | 6813 ||| FLEEEEING.
  6814 | D:7      | 6814 ||| FLEEEEING.
  6815 | D:7      | 6815 ||| FLEEEEING.
  6818 | D:7      | 6818 ||| FLEEEEING.
  6819 | D:7      | 6819 ||| FLEEEEING.
  6820 | D:7      | 6820 ||| FLEEEEING.
  6821 | D:7      | 6821 ||| FLEEEEING.
  6822 | D:7      | 6822 ||| FLEEEEING.
  6823 | D:7      | 6823 ||| FLEEEEING.
  6824 | D:7      | 6824 ||| FLEEEEING.
  6825 | D:7      | 6825 ||| FLEEEEING.
  6826 | D:7      | 6826 ||| FLEEEEING.
  6827 | D:7      | 6827 ||| FLEEEEING.
  6828 | D:7      | 6828 ||| FLEEEEING.
  6831 | D:7      | 6831 ||| FLEEEEING.
  6836 | D:7      | 6836 ||| Stepping ~*~*~tactically~*~*~ (hiding).
  6850 | D:7      | 6850 ||| DRINKING 2 potions of curing.
  6850 | D:7      | 6850 ||| (to cure confusion)
  6853 | D:7      | Reached skill level 10 in Axes
  6912 | D:7      | Found a shimmering blue altar of Sif Muna.
  7185 | D:7      | Found an ornate altar of the Wu Jian Council.
  7280 | D:7      | 7280 ||| UPGRADING to +0 plate armour.
  7290 | D:7      | 7290 ||| UPGRADING to +0 pair of gloves.
  7295 | D:7      | 7295 ||| UPGRADING to +6 ring of dexterity.
  7359 | D:8      | 7359 ||| Stepping ~*~*~tactically~*~*~ (hiding).
  7361 | D:8      | Noticed Psyche
  7367 | D:8      | 7367 ||| DRINKING potion of curing.
  7367 | D:8      | 7367 ||| (to cure confusion)
  7390 | D:8      | HP: 12/57 [something (11)]
  7391 | D:8      | Slain by Psyche

Levels and vault maps discovered:
D:1:      saegor_arrival_simple_e, layout_basic, serial_shops, shop,
          nicolae_ecumenical_lake_church, roderic_lattice_a,
          grunt_decor_fettered, minmay_misc_feat_plants, minivault_5,
          nicolae_concentric_dashed_squares_mild, minmay_misc_feat_roman
D:2:      layout_loops_ring, uniq_terence
D:3:      layout_basic, mainiacjoe_overflow_alcove_1,
          pdpol_temple_overflow_zin_treasury_gozag_greed,
          kennysheep_slug_shrine, serial_bayou_lagoon_b
D:4:      layout_rooms, lemuel_temple_firewalk_b, uniq_natasha, uniq_menkaure
D:5:      layout_loops_ring, serial_shops, nicolae_shop_stone, abandoned_shop,
          minmay_misc_feat_cross, uniq_eustachio, uniq_crazy_yiuf_cottage
D:6:      layout_loops_ring, lemuel_tele_altar,
          mainiacjoe_overflow_six_doors_small, uniq_maggie, uniq_prince_ribbit1,
          uniq_blork_the_orc
D:7:      layout_basic, kennysheep_orc_sif_temple,
          nicolae_wu_jian_immortal_techniques, uniq_duvessa, uniq_pikel
D:8:      layout_loops_ring, general_overflow_altar, amcnicky_altar_gilded,
          uniq_joseph, uniq_psyche
Temple:   compressed_dpeg_circular_temple

Skill      XL: |  1  2  3  4  5  6  7  8  9 |
---------------+----------------------------+-----
Axes           | 2 3 4 5 6 7 9 10 | 10.0
Fighting       | 4 5 6 7 |  7.2
Dodging        | 2 |  2.3
Armour         | 4 5 |  5.9
Shields        | 4 |  4.5

Action                   |  1- 3 |  4- 6 |  7- 9 || total
-------------------------+-------+-------+-------++-------
Melee: War axe           |    96 |   149 |   338 ||   583
       Unarmed           |       |       |     4 ||     4
  Use: Scroll            |     1 |     5 |     7 ||    13
       Potion            |       |     2 |     7 ||     9
Armor: Scale mail        |    42 |    23 |       ||    65
       Chain mail        |       |    97 |   205 ||   302
       Plate armour      |       |       |    32 ||    32
Dodge: Dodged            |    45 |    57 |   100 ||   202
Block: Buckler           |    18 |    37 |    62 ||   117

Table legend:
 A = Non-vault XP
 B = Vault XP
 C = Vault XP percentage of total XP
 D = Non-vault monster count
 E = Vault monster count
 F = Vault count percentage of total count
                 A         B        C        D         E       F
            +---------+---------+-------+---------+---------+-------
      Total |    2300 |    2267 |  49.6 |      89 |      14 |  13.6
            +---------+---------+-------+---------+---------+-------
        D:1 |      47 |       0 |   0.0 |      18 |       0 |   0.0
        D:2 |      70 |      36 |  34.0 |      18 |       1 |   5.3
        D:3 |      27 |       0 |   0.0 |       8 |       0 |   0.0
        D:4 |     249 |     207 |  45.4 |      16 |       2 |  11.1
        D:5 |     832 |     197 |  19.1 |      11 |       1 |   8.3
        D:6 |     421 |     759 |  64.3 |       7 |       3 |  30.0
        D:7 |     482 |    1068 |  68.9 |       6 |       7 |  53.8
        D:8 |     172 |       0 |   0.0 |       5 |       0 |   0.0
            +---------+---------+-------+---------+---------+-------
